 Dungeon Crawl Stone Soup version 0.24.1-8-ga250c9d538 (webtiles) character file.

Game seed: 13592406751094907473, levelgen mode: deterministic

219 Hugehornet the Stinger (level 5, -1/33 HPs)
             Began as an Octopode Transmuter on May 9, 2020.
             Slain by a gnoll
             ... wielding a +0 spear
              (6 damage)
             ... on level 2 of the Dungeon.
             The game lasted 00:03:01 (1489 turns).

Hugehornet the Stinger (Octopode Transmuter)        Turns: 1489, Time: 00:03:02

Health: -1/33      AC:  2    Str: 10    XL:     5   Next: 96%
Magic:  6/10       EV: 19    Int: 16    God:
Gold:   39         SH:  0    Dex: 17    Spells: 5/11 levels left

rFire    . . .     SeeInvis .     - Unarmed
rCold    . . .     Gourm    .   (shield currently unavailable)
rNeg     . . .     Faith    .   (helmet currently unavailable)
rPois    x         Spirit   .   i - amulet of inaccuracy (curse)
rElec    .         Reflect  .   (no ring)
rCorr    .         Harm     .   (no ring)
MR       .....                  (no ring)
Stlth    ++........             (no ring)
HPRegen  0.11/turn              (no ring)
MPRegen  0.12/turn              (no ring)
                                (no ring)
                                (no ring)

@: spider-form
A: tiny, almost no armour, stealthy swim, (amphibious), 8 rings, (constrict 8)
a: End Transformation


You were on level 2 of the Dungeon.
You were not hungry.
You were a venomous arachnid creature.
You visited 1 branch of the dungeon, and saw 2 of its levels.

You collected 39 gold pieces.

Inventory:

Missiles
 a - 12 arrows
Jewellery
 i - a cursed amulet of inaccuracy (around neck)
Scrolls
 b - a scroll of identify
Potions
 e - 2 potions of curing
 g - a potion of agility
Comestibles
 c - a ration
 d - a chunk of flesh


   Skills:
 - Level 1.0 Fighting
 - Level 2.0 Dodging
 + Level 3.0 Unarmed Combat
 + Level 3.5 Spellcasting
 * Level 3.1 Transmutations
 - Level 4.4 Poison Magic


You had 5 spell levels left.
You knew the following spells:

 Your Spells              Type           Power        Failure   Level  Hunger
a - Beastly Appendage     Tmut           ##....       14%         1    None
b - Sticks to Snakes      Tmut           ##......     21%         2    ##.....
c - Spider Form           Tmut/Pois      ##........   28%         3    ###....

Your spell library contained the following spells:

 Spells                   Type           Power        Failure   Level  Hunger
 Ice Form                 Ice/Tmut       #.......     85%         4    ####...
 Blade Hands              Tmut           ##........   92%         5    ######.


Dungeon Overview and Level Annotations

Branches:
Dungeon (2/15)

Altars:
Xom


Innate Abilities, Weirdness & Mutations

You cannot wear most types of armour.
You are very stealthy in the water. (Stealth+)
((You are amphibious.))
You can wear up to eight rings at the same time.
((You can use your tentacles to constrict eight enemies at once.))
((Your skin changes colour to match your surroundings (Stealth+).))
((Your rubbery body absorbs attacks. (AC +1, EV +1)))


Message History

The gnoll is moderately wounded.
The gnoll hits you with a cursed -2 whip.
The gnoll misses you.
You closely miss the gnoll.
The gnoll is moderately wounded.
The gnoll misses you. The gnoll hits you with a +0 spear!
* * * LOW HITPOINT WARNING * * *
Your transformation has ended.
The gnoll hits you from afar with a +0 spear.
* * * LOW HITPOINT WARNING * * *
You see here 2 white potions.
You tentacle-slap the gnoll. Your grab misses the gnoll.
The gnoll is heavily wounded.
The gnoll closely misses you. The gnoll misses you.
Casting: Spider Form (safe; 12% risk of failure)
Confirm with . or Enter, or press ? or * to list all spells.
You turn into a venomous arachnid creature.
The gnoll misses you.
The gnoll hits you from afar with a +0 spear.
You die...

#####. #### #. ... ......
.... #. .... .......
.....#. .[. . ......
.....#. ... .# #####+
.......######.###.# ...
......g......%#...###.####
.......##g..###.##........
(.....gg!s................
.....####g#...†..........#
### #.###.÷.#........# #.#
#.......<....# ..#
#####......# # ###
####......# #
#........†###
#............
...........########


You could see 4 gnolls.

Vanquished Creatures
  Sigmund (D:2)
  2 adders (D:2)
  2 worms (D:2)
  A dart slug (D:2)
  A leopard gecko (D:2)
  4 giant cockroaches (D:1)
  8 goblins
  4 hobgoblins
  4 bats
  2 frilled lizards
  5 kobolds
  6 rats
40 creatures vanquished.

Notes
Turn   | Place    | Note
-------+----------+-------------------------------------------
     0 | D:1      | Hugehornet the Octopode Transmuter began the quest for the
                  | Orb.
     0 | D:1      | Reached XP level 1. HP: 13/13 MP: 3/3
   395 | D:1      | Reached XP level 2. HP: 16/18 MP: 3/5
   848 | D:2      | Reached XP level 3. HP: 20/23 MP: 4/6
   852 | D:2      | Learned a level 2 spell: Sticks to Snakes
   856 | D:2      | Learned a level 3 spell: Spider Form
   992 | D:2      | Reached skill level 1 in Poison Magic
  1059 | D:2      | Found a shimmering altar of Xom.
  1130 | D:2      | Noticed Sigmund
  1148 | D:2      | Killed Sigmund
  1148 | D:2      | Reached skill level 4 in Poison Magic
  1148 | D:2      | Reached XP level 4. HP: 3/28 MP: 3/9
  1148 | D:2      | Reached XP level 5. HP: 3/33 MP: 3/10
  1489 | D:2      | Slain by a gnoll

Levels and vault maps discovered:
D:1:      dpeg_arrival_boxorama, layout_loops_ring, feat_on_display
D:2:      minmay_evil_eye, layout_basic, grunt_temple_overflow_magic_moments,
          nicolae_ru_path_of_blood, first_ration, serial_forest,
          infiniplex_forest_lined_room_3, infiniplex_forest_lined_corner,
          infiniplex_forest_diagonal, infiniplex_forest_join,
          infiniplex_forest_lined_2, infiniplex_forest_clump_curved,
          infiniplex_forest_end_2, infiniplex_forest_clump_large,
          xom_teletrap_fun, uniq_natasha, uniq_terence, uniq_sigmund,
          uniq_crazy_yiuf_cottage

Skill      XL: |  1  2  3 |
---------------+----------+-----
Transmutations | 3 |  3.1
Poison Magic   | 4 |  4.4
Spellcasting   | 3 |  3.5
Fighting       | |  1.0
Dodging        | |  2.0
Unarmed Combat | |  3.0

Action                   |  1- 3 |  4- 6 || total
-------------------------+-------+-------++-------
Melee: Unarmed           |    77 |    26 ||   103
       Constrict         |    23 |     3 ||    26
       Kick              |    16 |     2 ||    18
       Tentacles         |     9 |     1 ||    10
       Punch             |     1 |       ||     1
 Cast: Beastly Appendage |    21 |     3 ||    24
       Spider Form       |     1 |     2 ||     3
  Use: Scroll            |     5 |       ||     5
 Stab: Sleeping          |     4 |     2 ||     6
  Eat: Chunk             |     1 |     1 ||     2
       Ration            |       |     1 ||     1
Armor: Skin              |    10 |     2 ||    12
Dodge: Dodged            |    57 |    36 ||    93
